 Dungeon Crawl Stone Soup version 0.31-a0-1025-g2e47921a08 (webtiles) character file.

Game seed: 2956924626909701384

6566 night the Grappler (level 10, -4/93 HPs)
             Began as a Troll Hunter on Nov 17, 2023.
             Was an Elder of Hepliaklqana.
             Slain by a yak (12 damage)
             ... on level 9 of the Dungeon.
             The game lasted 00:18:24 (7203 turns).

night the Grappler (Troll Hunter)                   Turns: 7203, Time: 00:18:25

Health: -4/93      AC:  6    Str: 27    XL:     10   Next: 70%
Magic:  12/12      EV: 10    Int:  5    God:    Hepliaklqana [****..]
Gold:   343        SH:  0    Dex: 17    Spells: 9/9 levels left

rFire   . .          .
                       - Unarmed
rCold   . . .        (no shield)
rNeg    . . .        c - +0 robe
rPois   .            (helmet restricted)
rElec   .            l - +1 cloak
rCorr   .            (gloves unavailable)
SInv    +            (boots unavailable)
Will    .....        (no amulet)
Stlth   ++           q - +6 ring of strength
HPRegen 1.15/turn    w - ring of see invisible
MPRegen 0.13/turn

%: no passive effects
@: slowed, very slow
A: reduced essence, large, unfitting armour, claws 3, regeneration 1, shaggy fur
1, tough skin 1
a: Renounce Religion, Recall Ancestor, Ancestor Identity, Transference, Idealise


You were on level 9 of the Dungeon.
You worshipped Hepliaklqana.
Hepliaklqana was greatly pleased with you.
You visited 1 branch of the dungeon, and saw 9 of its levels.
You also visited: Ossuary.

You collected 469 gold pieces.
You spent 126 gold pieces at shops.

Inventory:

Hand Weapons
 a - a +0 shortbow
Missiles
 d - 49 stones
 e - 41 poisoned darts
 u - 3 boomerangs
 H - 2 throwing nets
Armour
 c - a +0 robe (worn)
 l - a +1 cloak (worn)
Jewellery
 q - a +6 ring of strength (left claw)
 r - a ring of ice
 w - a ring of see invisible (right claw)
 K - a ring of magical power
Wands
 n - a wand of flame (19)
 s - a wand of polymorph (12)
 t - a wand of light (21)
Scrolls
 b - 3 scrolls of butterflies
 f - 4 scrolls of teleportation
 h - 3 scrolls of amnesia
 k - 2 scrolls of poison
 p - 2 scrolls of enchant weapon
 y - a scroll of fear
 D - 2 scrolls of enchant armour
 E - a scroll of immolation
 F - a scroll of brand weapon {unknown}
 G - 4 scrolls of identify
 I - a scroll of revelation
Potions
 g - 3 potions of resistance
 i - 2 potions of lignification
 j - a potion of magic
 m - a potion of invisibility
 o - 3 potions of heal wounds
 v - a potion of enlightenment {unknown}
 x - 2 potions of attraction
 z - 4 potions of curing
 A - 3 potions of brilliance
 B - a potion of haste {unknown}
 C - a potion of might {unknown}
 J - a potion of mutation {unknown}


   Skills:
 * Level 7.7 Fighting
 * Level 6.8 Ranged Weapons
 - Level 1.5 Dodging
 - Level 0.3 Stealth
 * Level 8.8 Unarmed Combat
 + Level 5.1 Invocations


You had 9 spell levels left.
You didn't know any spells.
Your spell library contained the following spells:

 Spells                   Type           Power      Damage    Failure   Level
 Kiss of Death            Conj/Necr      0%         2d5       47%         1
 Slow                     Hex            0%         N/A       47%         1
 Summon Small Mammal      Summ           0%         N/A       47%         1
 Cigotuvi's Dreadful Rot  Necr/Pois/Air  0%         N/A       63%         2
 Lesser Beckoning         Tloc           0%         N/A       63%         2
 Call Canine Familiar     Summ           0%         N/A       85%         3
 Confusing Touch          Hex            0%         N/A       85%         3
 Gell's Gravitas          Tloc           0%         N/A       85%         3
 Sigil of Binding         Hex            0%         N/A       85%         3
 Summon Guardian Golem    Hex/Summ       0%         N/A       85%         3
 Teleport Other           Tloc           0%         N/A       85%         3
 Vampiric Draining        Necr           0%         2d6       85%         3
 Dispel Undead            Necr           0%         3d6       99%         4
 Summon Ice Beast         Ice/Summ       0%         N/A       99%         4
 Summon Mana Viper        Hex/Summ       0%         N/A       100%        5
 Death Channel            Necr           0%         N/A       100%        6
 Dispersal                Tloc           0%         N/A       100%        6
 Monstrous Menagerie      Summ           0%         N/A       100%        7


Dungeon Overview and Level Annotations

Branches:
Dungeon (9/15)             Temple (0/1) D:5         Ossuary (visited)
   Lair: D:8-11         Orc: D:9-12

Altars:
Ashenzari
Dithmenos
Hepliaklqana

Shops:
D:4 *   D:5 :   D:7 *

Annotations:
D:8 2 transporters, Grum; MrCrawl's ghost, novice DrFE


Innate Abilities, Weirdness & Mutations

Your life essence is reduced to manifest your ancestor. (-10% HP)
You are too large for most types of armour.
You have claws for hands.
Your natural rate of healing is unusually fast.
You are covered in fur. (AC +1)
You have tough skin. (AC +1)


Message History

You feel as though you will be slow longer.
The yak gores you!
* * * LOW HITPOINT WARNING * * *
Dube hits the wraith with a +0 dagger of draining.
Dube hits the wraith with a +0 dagger of draining.
The wraith hits you!
* * * LOW HITPOINT WARNING * * *
The wraith drains your vigour!
You feel as though you will be slow longer.
The yak attacks as it pursues you! The yak gores you but does no damage.
Dube completely misses the wraith.
Dube hits the wraith with a +0 dagger of draining!
The wraith hits you!
* * * LOW HITPOINT WARNING * * *
The yak barely misses you.
You feel better.
Dube closely misses the wraith.
Dube barely misses the wraith.
The wraith hits you.
* * * LOW HITPOINT WARNING * * *
The yak barely misses you.
Dube hits the wraith but does no damage.
The wraith hits Dube.
Dube hits the wraith but does no damage.
The wraith hits Dube.
The yak closely misses you.
You are now empty-clawed.
Dube misses the wraith.
You scratch the yak but do no damage.
Dube hits the wraith but does no damage.
The wraith hits Dube!
The wraith drains Dube's vigour!
Dube seems to slow down.
The yak gores you but does no damage.
Dube barely misses the wraith.
The wraith hits Dube!
The wraith drains Dube's vigour!
Dube seems to slow down.
Dube barely misses the wraith.
You mangle the yak!!
The yak is severely wounded.
The yak gores you!
* * * LOW HITPOINT WARNING * * *
Dube hits the wraith with a +0 dagger of draining!
The wraith is destroyed!
The yak gores you!
You die...

#..... ...## #.... .....
#.... ....## ##...†
.....# #....# #....###
#.### #.#.?# #.......
...# #..R.####...# #..#
#..Y@.....# #..#
#######...#######..#
......#...##...##..##
..........#..8..#...####
.............†..........
........##..............
#.##....##.##########...
# #....##.# ###....
##...##.# #......


You could see the friendly Dube the hexer (slow) and a yak.

Vanquished Creatures
  A hornet (D:8)
  Sigmund (D:2)
  5 yaks (D:9)
  A wyvern (D:8)
  Menkaure (Ossuary)
  A water moccasin (D:6)
  An ice beast (D:6)
  An orc warrior (D:8)
  2 centaurs
  2 ogres
  2 kobold brigands
  Blork the orc (D:5)
  2 scorpions
  A bullfrog (D:7)
  7 wights
  A howler monkey (D:7)
  3 hounds
  3 jellies
  A gnoll bouda (D:8)
  2 orc priests (D:9)
  2 sleepcaps
  Jessica (D:2)
  A hexer (D:8)
  2 iguanas (D:5)
  An orc wizard (D:9)
  3 mummies (Ossuary)
  Robin (D:3)
  3 adders
  8 gnolls
  A shadow imp (D:3)
  3 ufetubi
  A worm (D:2)
  2 dart slugs (D:2)
  15 orcs
  2 endoplasms
  3 giant cockroaches (D:3)
  13 goblins
  5 hobgoblins
  2 jackals (D:1)
  12 kobolds
  4 ball pythons
  3 bats
  2 frilled lizards (D:2)
  5 gnoll skeletons (Ossuary)
  2 gnoll zombies (Ossuary)
  6 goblin skeletons (Ossuary)
  7 goblin zombies (Ossuary)
  2 hobgoblin skeletons (Ossuary)
  2 hobgoblin zombies (Ossuary)
  5 kobold skeletons (Ossuary)
  3 kobold zombies (Ossuary)
  2 orc skeletons (Ossuary)
  2 orc zombies (Ossuary)
  A quokka zombie (D:6)
  A rat (D:3)
  2 rat skeletons (Ossuary)
  4 rat zombies (Ossuary)
173 creatures vanquished.

Vanquished Creatures (collateral kills)
  The ghost of bmj180 the Conjurer, a novice HuCj (D:6)
  A wyvern (D:9)
  A wraith (D:9)
  3 yaks (D:9)
  Edmund (D:6)
  A sky beast (D:7)
  An ice beast (D:5)
  An orc warrior (D:9)
  3 black bears
  An ogre (D:5)
  A phantom (D:5)
  A kobold brigand (D:7)
  A gnoll sergeant (D:7)
  4 scorpions
  3 bullfrogs
  3 wights
  2 jellies (D:6)
  4 orc priests
  2 hounds
  2 sleepcaps
  3 iguanas (D:6)
  4 orc wizards
  Ijyb (D:4)
  2 adders
  3 gnolls
  A shadow imp (D:8)
  An ufetubus (D:7)
  2 worms
  4 orcs
  A bat (D:3)
  A goblin (D:3)
  3 hobgoblins
  A frilled lizard (D:3)
  2 goblin skeletons (Ossuary)
  A goblin zombie (Ossuary)
  A hobgoblin zombie (Ossuary)
  6 kobolds
  A kobold skeleton (Ossuary)
  A kobold zombie (Ossuary)
  2 orc zombies (Ossuary)
  A rat zombie (D:6)
79 creatures vanquished.

Vanquished Creatures (others)
  6 hexers
  3 ancestors
9 creatures vanquished.

Grand Total: 261 creatures vanquished

Notes
Turn   | Place    | Note
-------+----------+-------------------------------------------
     0 | D:1      | night the Troll Hunter began the quest for the Orb.
     0 | D:1      | Reached XP level 1. HP: 19/19 MP: 0/0
    25 | D:1      | You fall into a shaft and drop 1 floor!
   121 | D:2      | Found a faded altar of an unknown god.
   133 | D:2      | Prayed at the altar of an unknown god.
   133 | D:2      | Became a worshipper of Hepliaklqana the Forgotten
   133 | D:2      | Reached * piety under Hepliaklqana
   163 | D:2      | Noticed Jessica
   165 | D:2      | Killed Jessica
   166 | D:2      | Reached skill level 2 in Fighting
   166 | D:2      | Reached skill level 1 in Unarmed Combat
   166 | D:2      | Reached XP level 2. HP: 25/25 MP: 1/1
   166 | D:2      | Reached XP level 3. HP: 31/31 MP: 2/2
   444 | D:2      | Noticed Sigmund
   640 | D:1      | Reached XP level 4. HP: 39/39 MP: 3/3
   692 | D:1      | Reached skill level 2 in Unarmed Combat
  1110 | D:2      | Killed Sigmund
  1111 | D:2      | Reached skill level 3 in Unarmed Combat
  1111 | D:2      | Reached XP level 5. HP: 47/47 MP: 4/4
  1561 | D:3      | Noticed Robin
  1577 | D:3      | Killed Robin
  1578 | D:3      | Reached XP level 6. HP: 31/54 MP: 5/5
  1663 | D:3      | Reached ** piety under Hepliaklqana
  1664 | D:3      | Remembered your ancestor Dube as a hexer
  2058 | D:4      | Found Loajusk's Elemental Accessories.
  2243 | D:4      | Reached skill level 1 in Invocations
  2461 | D:4      | Reached XP level 7. HP: 49/61 MP: 6/6
  2469 | D:4      | Reached skill level 4 in Unarmed Combat
  2563 | D:4      | Noticed Ijyb
  2570 | D:4      | Killed Ijyb
  2785 | D:5      | Entered Level 5 of the Dungeon
  2785 | D:5      | Noticed Blork the orc
  2797 | D:5      | Killed Blork the orc
  2853 | D:5      | Found Luun's Book Shop.
  2993 | D:5      | Found a staircase to the Ecumenical Temple.
  3034 | D:5      | Reached *** piety under Hepliaklqana
  3085 | D:5      | Reached skill level 2 in Invocations
  3113 | D:5      | Reached XP level 8. HP: 31/71 MP: 8/8
  3205 | D:5      | Reached skill level 5 in Unarmed Combat
  3910 | D:5      | Found a shadowy altar of Dithmenos.
  3910 | D:5      | Found a hazy altar of Hepliaklqana.
  4073 | D:6      | Reached skill level 5 in Fighting
  4081 | D:6      | Found a runed translucent door.
  4083 | D:6      | Noticed bmj180's ghost (novice HuCj)
  4108 | D:6      | Killed bmj180's ghost
  4109 | D:6      | Reached skill level 5 in Ranged Weapons
  4109 | D:6      | Reached skill level 6 in Unarmed Combat
  4187 | D:6      | Reached XP level 9. HP: 75/79 MP: 10/10
  4216 | D:6      | Found a sand-covered staircase.
  4224 | Ossuary  | Entered an ossuary
  4543 | Ossuary  | Noticed Menkaure
  4554 | Ossuary  | Killed Menkaure
  4914 | D:6      | Noticed Edmund
  4930 | D:6      | Killed Edmund
  5224 | D:7      | Reached skill level 7 in Unarmed Combat
  5267 | D:7      | Reached **** piety under Hepliaklqana
  5888 | D:7      | Found Racoqoo's General Store.
  6042 | D:8      | Reached XP level 10. HP: 90/90 MP: 12/12
  6198 | D:8      | Noticed Grum
  6206 | D:8      | Found a transporter.
  6231 | D:8      | Noticed MrCrawl's ghost (novice DrFE)
  6328 | D:8      | Reached skill level 8 in Unarmed Combat
  6366 | D:8      | HP: 5/85 [gnoll bouda/+0 whip (8)]
  6593 | D:8      | Found a transporter.
  6690 | D:7      | Bought a scroll of identify for 28 gold pieces
  6690 | D:7      | Bought a scroll of identify for 28 gold pieces
  6690 | D:7      | Bought a potion of heal wounds for 70 gold pieces
  6947 | D:9      | Found a broken altar of Ashenzari.
  7129 | D:9      | Reached skill level 5 in Invocations
  7198 | D:9      | HP: 11/93 [wraith (12)]
  7198 | D:9      | HP: 4/93 [wraith (7)]
  7203 | D:9      | HP: 8/93 [yak (13)]
  7203 | D:9      | Slain by a yak

Illustrated notes

Levels and vault maps discovered:
D:1:      matt_arrival_spirals, layout_rooms
D:2:      layout_loops_corners, ebering_ecumenical_altar_rust, uniq_sigmund,
          uniq_jessica
D:3:      layout_basic, minmay_distorted, uniq_robin
D:4:      layout_loops_ring, abandoned_shop, nicolae_elemental_shop, uniq_ijyb
D:5:      layout_basic, riverfiend_overflow_shadow_ancestor, temple_pool_b,
          serial_shops, nicolae_shop_trees, uniq_blork_the_orc
D:6:      layout_loops_cross, ebering_ghost_sewer_d, enter_ossuary_4,
          grunt_ministairs_5, uniq_edmund
D:7:      layout_loops_cross, serial_shops, nicolae_shop_tiny_glass
D:8:      layout_rooms, gammafunk_ghost_gnarly_gnolls
D:9:      layout_basic, mainiacjoe_overflow_paths, dpeg_lair_monsters,
          mrwooster_statue_mirror

Skill      XL: |  1  2  3  4  5  6  7  8  9 10 |
---------------+-------------------------------+-----
Fighting       | 2 3 4 5 6 7 |  7.7
Unarmed Combat | 1 3 4 6 7 8 |  8.8
Ranged Weapons | 3 4 5 6 |  6.8
Invocations    | 1 2 3 4 5 |  5.1
Dodging        | |  1.5
Stealth        | |  0.3

Action                     |  1- 3 |  4- 6 |  7- 9 | 10-12 || total
---------------------------+-------+-------+-------+-------++-------
  Melee: Unarmed           |     5 |     6 |   140 |    59 ||   210
         Punch             |       |       |     3 |     2 ||     5
   Fire: Shortbow          |    33 |   159 |   262 |   145 ||   599
 Invoke: Recall Ancestor   |       |     1 |       |       ||     1
         Ancestor Life: He |       |     1 |       |       ||     1
    Use: Scroll            |       |     8 |     9 |     1 ||    18
         Potion            |       |       |       |     3 ||     3
   Stab: Distracted        |       |       |     1 |       ||     1
         Confused          |       |       |     3 |       ||     3
         Sleeping          |       |       |     2 |       ||     2
 Armour: Robe              |    20 |    38 |   113 |    87 ||   258
  Dodge: Dodged            |    11 |    32 |    88 |    58 ||   189

Table legend: (Time is in decaauts)
 A = Elapsed time spent in this place.
 B = Non-inter-level travel time spent in this place.
 C = Inter-level travel time spent in this place.
 D = Time resting spent in this place.
 E = Time spent auto-exploring this place.
 F = Levels seen in this place.
 G = Mean time per level.
                   A        B        C        D        E       F      G
               +--------+--------+--------+--------+--------+-----+--------+
         Total |   7262 |   6756 |    506 |    230 |   4861 |  10 |  726.2 |
       Dungeon |   6895 |   6389 |    506 |    230 |   4707 |   9 |  766.1 |
       Ossuary |    367 |    367 |      0 |      0 |    154 |   1 |  367.0 |
               +--------+--------+--------+--------+--------+-----+--------+

Top non-repeatable levels by time:
     D:5: 1279 daAuts
     D:7: 923 daAuts
     D:2: 794 daAuts
     D:8: 789 daAuts
     D:6: 762 daAuts
     D:4: 749 daAuts
     D:1: 680 daAuts
     D:3: 605 daAuts
 Ossuary: 367 daAuts
     D:9: 311 daAuts
